 Dungeon Crawl Stone Soup version 0.17-a0-1667-g4ca74a1 (webtiles) character file.

102 matakusis the Ducker (level 4, -6/34 HPs)
             Began as a Demonspawn Gladiator on Aug 17, 2015.
             Killed by divine providence
             ... invoked by an orc priest
              (11 damage)
             ... on level 3 of the Dungeon.
             The game lasted 00:13:01 (1068 turns).

matakusis the Ducker (Demonspawn Gladiator)         Turns: 1068, Time: 00:13:01

Health: -6/34      AC:  4    Str: 16    XL:     4   Next: 49%
Magic:  4/4        EV: 13    Int: 10    God:
Gold:   126        SH:  0    Dex: 13    Spells: 0 memorised, 3 levels left

rFire  . . .     SeeInvis .     a - +0 war axe
rCold  . . .     Clarity  .     b - +0 leather armour
rNeg   . . .     SustAt   .     (no shield)
rPois  .         Gourm    .     c - +0 helmet
rElec  .         Spirit   .     (no cloak)
rCorr  .         Warding  .     (no gloves)
rMut   .         Stasis   .     (no boots)
MR     .....                    p - amulet of inaccuracy (curse)
Stlth  +.........               (no ring)
                                (no ring)

@: not resistant to hostile enchantments, very unstealthy
A: spiny 2
a: no special abilities


You were on level 3 of the Dungeon.
You were hungry.

You visited 1 branch of the dungeon, and saw 3 of its levels.

You collected 126 gold pieces.

Inventory:

Hand weapons
 a - a +0 war axe (weapon)
Missiles
 d - 3 throwing nets (quivered)
Armour
 b - a +0 leather armour (worn)
 c - a +0 helmet (worn)
Jewellery
 p - a cursed amulet of inaccuracy (around neck)
 q - an uncursed amulet of guardian spirit {unknown}
Magical devices
 m - a wand of polymorph (18)
Potions
 f - a potion of curing {unknown}
 h - 4 potions of lignification {unknown}
 i - a potion of heal wounds {unknown}
 j - a potion of flight {unknown}
Comestibles
 e - a bread ration
 k - a beef jerky


   Skills:
 + Level 2.6 Fighting
 + Level 3.3 Axes
 + Level 2.0 Throwing
 + Level 0.6 Armour
 + Level 3.7 Dodging


You had 3 spell levels left.
You didn't know any spells.

Dungeon Overview and Level Annotations

Branches:
Dungeon (3/15)

Altars:
Makhleb


Innate Abilities, Weirdness & Mutations

You are mostly covered in sharp spines.


Message History

The orc closely misses you.
The orc priest miscasts a cantrip.
You slash the orc!
You kill the orc!
The orc priest hits you with a mace of protection.
You closely miss the orc priest. The orc priest barely misses you.
You hit the orc priest.
The orc priest is lightly wounded.
The orc priest hits you but does no damage.
You hit the orc priest but do no damage.
The orc priest hits you with a mace of protection.
You hit the orc priest.
The orc priest is moderately wounded.
The orc priest hits you with a mace of protection!
* * * LOW HITPOINT WARNING * * *
You closely miss the orc priest.
The orc priest is moderately wounded.
The orc priest calls down the wrath of Beogh upon you.
Something smites you!
You die...

..[.$..>.# .
.........####..
....#..........
.?.....#...
.......
######...#
.......oK#
.######o## #@#
#.......#
#......##
..%....#
########


You could see an orc priest, an orc and a kobold.

Vanquished Creatures
  Ijyb (D:2)
  Terence (D:2)
  4 giant geckos (D:1)
  An orc (D:3)
  A ball python (D:1)
  3 giant cockroaches
  10 hobgoblins
  4 kobolds
  7 bats
  3 giant newts
  3 goblins
  8 rats (D:1)
46 creatures vanquished.

Notes
Turn   | Place    | Note
--------------------------------------------------------------
     0 | D:1      | matakusis the Demonspawn Gladiator began the quest for the Orb.
     0 | D:1      | Reached XP level 1. HP: 16/16 MP: 1/1
    67 | D:1      | Reached skill level 3 in Dodging
    95 | D:1      | Gained mutation: You are partially covered in sharp spines. [demonic ancestry]
    95 | D:1      | Reached XP level 2. HP: 11/22 MP: 2/2
   268 | D:1      | Reached XP level 3. HP: 19/28 MP: 3/3
   434 | D:2      | Noticed Terence
   438 | D:2      | Killed Terence
   706 | D:2      | Gained mutation: You are mostly covered in sharp spines. [demonic ancestry]
   706 | D:2      | Reached XP level 4. HP: 34/34 MP: 4/4
   724 | D:2      | Noticed Ijyb
   730 | D:2      | Killed Ijyb
   929 | D:2      | Found a burning altar of Makhleb.
   932 | D:2      | Noticed an Executioner
  1068 | D:3      | Killed from afar by an orc priest

Vault maps used:
D:1:      eino_arrival_tree_alley, st_stairs_14,
          hangedman_abyss_or_decor_lesser_grid
D:2:      makhleb_altar_promises_db, uniq_terence, uniq_iyjb
D:3:      lemuel_coloured_pillars_altar, minmay_misc_feat_columns

Action                   |  1- 3 |  4- 6 || total
-------------------------+-------+-------++-------
Melee: War axe           |    48 |    17 ||    65
  Use: Scroll            |       |     5 ||     5
